 Dungeon Crawl Stone Soup version 0.20.1-1-g8b1a95d (webtiles) character file.

75 vatarom the Insei (level 4, -2/33 HPs)
             Began as a Demonspawn Transmuter on Sept 21, 2017.
             Slain by a gnoll
             ... wielding a +0 spear
              (7 damage)
             ... on level 2 of the Dungeon.
             The game lasted 00:02:59 (1437 turns).

vatarom the Insei (Demonspawn Transmuter)           Turns: 1437, Time: 00:03:00

Health: -2/33      AC:  3    Str: 10    XL:     4   Next: 11%
Magic:  0/7        EV: 15    Int: 14    God:
Gold:   17         SH:  0    Dex: 15    Spells: 4/7 levels left

rFire    . . .     SeeInvis .     - Unarmed
rCold    + . .     Gourm    .   (no shield)
rNeg     + . .     Faith    .   b - +0 robe
rPois    .         Spirit   +   (no helmet)
rElec    .         Reflect  .   m - +0 cloak
rCorr    +         Harm     .   (no gloves)
MR       .....                  (no boots)
Stlth    +.........             n - amulet of guardian spirit
Regen    0.2/turn               g - ring of positive energy
MPRegen  0.1/turn               i - ring of resist corrosion

@: no status effects
A: repulsion field 1, cold resistance 1
a: no special abilities


You were on level 2 of the Dungeon.
You were not hungry.

You visited 1 branch of the dungeon, and saw 2 of its levels.

You collected 17 gold pieces.

Inventory:

Missiles
 a - 9 arrows
Armour
 b - a +0 robe (worn)
 m - a +0 cloak (worn)
Jewellery
 e - an uncursed ring of ice
 g - a ring of positive energy (left hand)
 i - a ring of resist corrosion (right hand)
 n - an amulet of guardian spirit (around neck)
Scrolls
 j - a scroll of remove curse
Potions
 k - a potion of lignification
Books
 c - a book of Changes

   Spells                             Type                      Level
   a - Beastly Appendage              Transmutation                1
   b - Sticks to Snakes               Transmutation                2
   c - Spider Form                    Transmutation/Poison         3
   d - Ice Form                       Ice/Transmutation            4
   e - Blade Hands                    Transmutation                5
Comestibles
 d - 2 bread rations


   Skills:
 + Level 1.8 Fighting
 + Level 2.2 Dodging
 * Level 4.0 Unarmed Combat
 - Level 2.0 Spellcasting
 - Level 1.7 Transmutations


You had 4 spell levels left.
You knew the following spells:

 Your Spells              Type           Power        Failure   Level  Hunger
a - Beastly Appendage     Tmut           #.....       12%         1    ##.....
b - Sticks to Snakes      Tmut           #.......     17%         2    ###....


Dungeon Overview and Level Annotations

Branches:
Dungeon (2/15)

Altars:


Innate Abilities, Weirdness & Mutations

You are surrounded by a mild repulsion field. (EV +2)
Your flesh is cold resistant. (rC+)


Message History

The gnoll is heavily wounded.
Your adder barely misses the gnoll.
The gnoll misses you.
The gnoll hits you from afar with a spear.
The gnoll hits you with a club.
Unknown command.
You hit the gnoll.
The gnoll is severely wounded.
Your adder bites the gnoll.
The gnoll dies!
Your Unarmed Combat skill increases to level 4!
The gnoll hits you from afar with a halberd!
* * * LOW HITPOINT WARNING * * *
The gnoll barely misses you.
Your adder bites the gnoll.
The gnoll is poisoned.
Your adder poisons the gnoll!
The gnoll completely misses you.
Your adder barely misses the gnoll.
Unknown command.
Your adder closely misses the gnoll.
The gnoll hits you from afar with a spear!
You die...

# ... #.. # #..
#.##g.## ..!.g#
####### ### #...#
#..S.[#
..#.##...####)gg..#
.............=....#
..#....#.####...@.#
###......# #.....#
###.#### ####### #


You could see 2 gnolls and a friendly adder.

Vanquished Creatures
  A gnoll (D:2)
  3 adders (D:2)
  An ooze (D:2)
  A dart slug (D:1)
  2 leopard geckos
  A ball python (D:1)
  2 bats (D:1)
  A giant cockroach (D:2)
  3 goblins (D:1)
  5 hobgoblins (D:1)
  2 jackals (D:1)
  2 kobolds (D:1)
  3 rats (D:2)
27 creatures vanquished.

Vanquished Creatures (collateral kills)
  A gnoll (D:2)
1 creature vanquished.

Grand Total: 28 creatures vanquished

Notes
Turn   | Place    | Note
-------+----------+-------------------------------------------
     0 | D:1      | vatarom the Demonspawn Transmuter began the quest for the Orb.
     0 | D:1      | Reached XP level 1. HP: 15/15 MP: 3/3
   107 | D:1      | Reached skill level 3 in Unarmed Combat
   191 | D:1      | Gained mutation: You are surrounded by a mild repulsion field. (EV +2) [demonic ancestry]
   191 | D:1      | Reached XP level 2. HP: 13/21 MP: 3/5
   212 | D:1      | Learned a level 2 spell: Sticks to Snakes
   729 | D:2      | Reached XP level 3. HP: 14/26 MP: 4/6
  1429 | D:2      | Gained mutation: Your flesh is cold resistant. (rC+) [demonic ancestry]
  1429 | D:2      | Reached XP level 4. HP: 24/33 MP: 1/7
  1435 | D:2      | Reached skill level 4 in Unarmed Combat
  1437 | D:2      | Slain by a gnoll

Skill      XL: |  1  2  3  4 |
---------------+-------------+-----
Dodging        | 2 |  2.2
Unarmed Combat | 3 4 |  4.0
Fighting       | |  1.8
Spellcasting   | |  2.0
Transmutations | |  1.7

Action                   |  1- 3 |  4- 6 || total
-------------------------+-------+-------++-------
Melee: Unarmed           |   104 |     3 ||   107
       Kick              |     5 |       ||     5
       Headbutt          |     3 |       ||     3
 Cast: Beastly Appendage |    11 |       ||    11
       Sticks to Snakes  |     2 |     1 ||     3
  Use: Scroll            |     5 |       ||     5
 Stab: Sleeping          |     1 |       ||     1
  Eat: Royal jelly       |     1 |       ||     1
       Chunk             |     1 |       ||     1
Armor: Robe              |    18 |       ||    18
Dodge: Dodged            |    63 |     8 ||    71
